 Dungeon Crawl Stone Soup version 0.20-a0-522-g0b37eee (webtiles) character file.

348 nubinia the Stinger (level 6, -8/42 HPs)
             Began as a Merfolk Venom Mage on Jan 25, 2017.
             Mangled by an orc wizard
             ... wielding a +0 war axe
              (11 damage)
             ... on level 4 of the Dungeon.
             The game lasted 00:26:33 (6464 turns).

nubinia the Stinger (Merfolk Venom Mage)            Turns: 6464, Time: 00:26:34

Health: -8/42      AC:  3    Str:  8    XL:     6   Next: 60%
Magic:  11/11      EV: 13    Int: 17    God:
Gold:   100        SH:  0    Dex: 14    Spells: 6/12 levels left

rFire    . . .     SeeInvis +   (no weapon)
rCold    . . .     Gourm    .   a - +1 robe
rNeg     . . .     Faith    .   (no shield)
rPois    .         Spirit   .   (no helmet)
rElec    .         Reflect  .   (no cloak)
rCorr    .         Harm     .   (no gloves)
MR       .....                  (no boots)
Stlth    ++........             (no amulet)
Regen    0.2/turn               (no ring)
                                d - ring of see invisible

@: no status effects
A: change form in water, swift swim, stealthy swim
a: no special abilities


You were on level 4 of the Dungeon.
You were not hungry.

You visited 1 branch of the dungeon, and saw 4 of its levels.
You also visited: Sewer.

You collected 100 gold pieces.

Inventory:

Hand Weapons
 t - a +1 blowgun
Missiles
 u - 8 poisoned needles
Armour
 a - a +1 robe (worn)
Jewellery
 d - a ring of see invisible (left hand)
 s - an uncursed amulet of the gourmand {unknown}
Scrolls
 l - a scroll of fear
 m - a scroll of recharging
 p - a scroll of blinking
 q - 2 scrolls of teleportation
Potions
 e - a potion of haste
 i - a potion of magic
 j - a potion of might
 k - a potion of cure mutation
 o - a potion of cancellation
Books
 b - a Young Poisoner's Handbook

   Spells                             Type                      Level
   a - Sting                          Conjuration/Poison           1
   b - Poisonous Vapours              Poison/Air                   2
   c - Mephitic Cloud                 Conjuration/Poison/Air       3
   d - Olgreb's Toxic Radiance        Poison                       4
   e - Venom Bolt                     Conjuration/Poison           5
Comestibles
 c - 2 bread rations
 f - 7 fruits
 h - 3 meat rations
 n - a royal jelly


   Skills:
 + Level 0.7 Fighting
 + Level 3.3 Dodging
 + Level 2.8 Stealth
 + Level 3.7 Spellcasting
 + Level 2.6 Conjurations
 + Level 5.1 Poison Magic


You had 6 spell levels left.
You knew the following spells:

 Your Spells              Type           Power        Failure   Level  Hunger
a - Sting                 Conj/Pois      ###.         3%          1    None
b - Poisonous Vapours     Pois/Air       ##....       10%         2    ##.....
c - Mephitic Cloud        Conj/Pois/Air  ##......     17%         3    ###....


Dungeon Overview and Level Annotations

Branches:
Dungeon (4/15)
 Temple: D:4-7

Altars:

Annotations:
D:4 DEFE's ghost, amateur DEBe


Message History

The orc wizard shouts!
The orc wizard shouts!
The orc wizard points at you and mumbles some strange words.
The magic dart hits you! The orc wizard casts a spell at you.
The magic dart hits you!
* * * LOW HITPOINT WARNING * * *
The centaur skeleton hits you.
* * * LOW HITPOINT WARNING * * *
The ooze quivers.
A leopard gecko comes into view.
Okay, then.
Okay, then.
The orc wizard casts a spell at you. The puff of frost misses you.
The orc barely misses you.
The leopard gecko hisses angrily.
Unknown command.
The orc shouts!
The orc wizard hits you with a war axe!
You die...

## .# ###########
.###### ##(.........
W.....# ##...........
#####.# #............ #
#.### #....@..o.... #
#...####.....o...... ###
###...##...Z..o..... ..#
###.##....J.o...(. ..##
#.###........... ...#
#..W........l...
..W#############...##...
.......W## ...## ###
..#####..## .#...


You could see 2 orc wizards, an ooze, 2 orcs, a leopard gecko and a centaur
skeleton.

Vanquished Creatures
  An ogre (D:3)
  A worker ant (D:3)
  9 adders
  6 river rats (Sewer)
  2 worms
  A leopard gecko (D:1)
  8 orcs (D:3)
  4 ball pythons
  2 giant cockroaches
  9 goblins
  12 hobgoblins
  2 jackals (D:2)
  3 quokkas
  8 bats
  17 frilled lizards
  8 kobolds
  18 rats
111 creatures vanquished.

Notes
Turn   | Place    | Note
-------+----------+-------------------------------------------
     0 | D:1      | nubinia the Merfolk Venom Mage began the quest for the Orb.
     0 | D:1      | Reached XP level 1. HP: 13/13 MP: 3/3
   251 | D:1      | Reached XP level 2. HP: 14/19 MP: 0/5
   327 | D:1      | Learned a level 2 spell: Poisonous Vapours
  1364 | D:2      | Reached skill level 1 in Conjurations
  1707 | D:2      | Reached XP level 3. HP: 24/24 MP: 0/6
  2531 | D:2      | Reached skill level 4 in Poison Magic
  2889 | D:2      | Reached XP level 4. HP: 27/30 MP: 1/7
  3219 | D:3      | Learned a level 3 spell: Mephitic Cloud
  3276 | D:3      | Noticed an ogre
  3290 | D:3      | Killed an ogre
  3290 | D:3      | Reached XP level 5. HP: 35/35 MP: 3/9
  4305 | D:3      | Reached XP level 6. HP: 42/42 MP: 4/10
  5087 | D:4      | Noticed DEFE's ghost (amateur DEBe)
  5089 | D:4      | Found a glowing drain.
  5103 | Sewer    | Entered a sewer
  5352 | Sewer    | Reached skill level 5 in Poison Magic
  6462 | D:4      | HP: 2/42 [centaur skeleton (5)]
  6464 | D:4      | Mangled by an orc wizard

Vault maps used:
D:1:      dpeg_arrival_arbitrary_c, minmay_misc_feat_room, minmay_unequal
D:2:      solitary_fountain
D:4:      minmay_temple_entry_junction, portal_sewer_entry_a
Sewer:    sewer_co_cracked_pipes

Skill      XL: |  1  2  3  4  5  6 |
---------------+-------------------+-----
Dodging        | 3 |  3.3
Conjurations   | 1 2 |  2.6
Poison Magic   | 4 5 |  5.1
Spellcasting   | 3 |  3.7
Fighting       | |  0.7
Stealth        | |  2.8

Action                   |  1- 3 |  4- 6 || total
-------------------------+-------+-------++-------
Melee: Unarmed           |     4 |     1 ||     5
 Cast: Sting             |    97 |   182 ||   279
       Poisonous Vapours |       |    10 ||    10
  Use: Potion            |     5 |     3 ||     8
       Scroll            |     3 |     9 ||    12
  Eat: Chunk             |     8 |    12 ||    20
Armor: Robe              |     5 |    17 ||    22
Dodge: Dodged            |    23 |    69 ||    92
